 Dungeon Crawl Stone Soup version 0.17-a0-1582-ge6b0260 (webtiles) character file.

159 Chiseanne the Magician (level 5, -3/37 HPs)
             Began as a Demonspawn Wanderer on July 27, 2015.
             Slain by a river rat (9 damage)
             ... in a sewer.
             The game lasted 00:06:03 (2257 turns).

Chiseanne the Magician (Demonspawn Wanderer)        Turns: 2257, Time: 00:06:03

Health: -3/37      AC:  4    Str: 11    XL:     5   Next: 17%
Magic:  5/11       EV: 14    Int: 15    God:
Gold:   107        SH:  0    Dex: 13    Spells: 5 memorised, 2 levels left

rFire  . . .     SeeInvis .     a - +2 mace (venom)
rCold  . . .     Clarity  .     d - +1 robe
rNeg   . . .     SustAt   .     (no shield)
rPois  .         Gourm    .     (helmet restricted)
rElec  .         Spirit   .     (no cloak)
rCorr  .         Warding  .     (no gloves)
rMut   .         Stasis   .     (no boots)
MR     .....                    (no amulet)
Stlth  ++........               (no ring)
                                l - +3 ring of evasion

@: repel missiles, not resistant to hostile enchantments, unstealthy
A: antennae 2, molten scales 1
a: no special abilities


You were in a sewer.
You were not hungry.

You visited 1 branch of the dungeon, and saw 3 of its levels.
You also visited: Sewer.

You collected 107 gold pieces.

Inventory:

Hand weapons
 a - a +2 mace of venom (weapon)
Missiles
 e - 17 poisoned needles
 n - 29 bolts
 q - 8 tomahawks (quivered)
 r - 26 arrows
Armour
 d - a +1 robe (worn)
Jewellery
 l - a +3 ring of evasion (left hand)
Scrolls
 h - 2 scrolls of remove curse
Potions
 b - 2 potions of lignification
 c - a potion of curing
 g - 2 potions of beneficial mutation {unknown}
 k - a potion of brilliance {unknown}
 m - a potion of heal wounds {unknown}
 o - a potion of might {unknown}
 p - a potion of flight {unknown}
Books
 i - a book of Minor Magic

   Spells                             Type                      Level
   a - Magic Dart                     Conjuration                  1
   b - Blink                          Translocation                2
   c - Call Imp                       Summoning                    2
   d - Repel Missiles                 Charms/Air                   2
   e - Slow                           Hexes                        2
   f - Conjure Flame                  Conjuration/Fire             3
   g - Mephitic Cloud                 Conjuration/Poison/Air       3
Comestibles
 f - 2 bread rations
 j - a meat ration


   Skills:
 - Level 1.0 Fighting
 - Level 2.6 Stealth
 - Level 1.0 Unarmed Combat
 * Level 4.1 Spellcasting
 + Level 2.9 Conjurations
 - Level 2.0 Summonings
   Level 1.1 Necromancy


You had 2 spell levels left.
You knew the following spells:

 Your Spells              Type           Power        Failure   Level  Hunger
a - Magic Dart            Conj           ##..         8%          1    None
b - Call Imp              Summ           #.......     12%         2    ##.....
c - Repel Missiles        Chrm/Air       #.....       28%         2    ##.....
d - Blink                 Tloc           N/A          28%         2    ##.....
e - Conjure Flame         Conj/Fire      #.......     34%         3    ###....


Dungeon Overview and Level Annotations

Branches:
Dungeon (3/15)

Altars:
Fedhas
The Shining One


Innate Abilities, Weirdness & Mutations

You have a pair of antennae on your head.
You are partially covered in molten scales (AC +1).


Message History

Aim: a river rat (lightly wounded)
The magic dart hits the river rat.
The river rat is lightly wounded.
Casting: Magic Dart
Confirm with . or Enter, or press ? or * to list all spells.
Aiming: Magic Dart
Press: ? - help, Shift-Dir - straight line, f/p - river rat
Aim: a river rat The magic dart hits the river rat.
The river rat bites you!
* * * LOW HITPOINT WARNING * * *
Casting: Magic Dart
Confirm with . or Enter, or press ? or * to list all spells.
Aiming: Magic Dart
Press: ? - help, Shift-Dir - straight line, f/p - river rat
Aim: a river rat The magic dart hits the river rat.
The river rat barely misses you.
You hit the river rat.
The river rat is poisoned.
The river rat is heavily wounded.
The river rat bites you!
You die...

#≈#
#≈#
#.#
#.#
#.#
#.#
#†#
#@#
#r#
#.#
#∩#
#.#
#.#
#.#
#.#
###


You could see a river rat.

Vanquished Creatures
  A centaur (D:2)
  Jessica (D:2)
  2 river rats (Sewer)
  An ooze (D:3)
  2 worms (D:2)
  3 giant geckos (D:1)
  4 giant cockroaches
  4 hobgoblins
  2 jackals (D:2)
  A ball python (D:2)
  3 bats
  3 giant newts
  A goblin (D:1)
  2 kobolds (D:1)
  8 rats
38 creatures vanquished.

Notes
Turn   | Place    | Note
--------------------------------------------------------------
     0 | D:1      | Chiseanne the Demonspawn Wanderer began the quest for the Orb.
     0 | D:1      | Chiseanne set off with: a book of Minor Magic, a +0 spear, a potion of curing, a +0 robe, a +0 dagger, a bread ration
     0 | D:1      | Reached XP level 1. HP: 15/15 MP: 3/3
     4 | D:1      | Learned a level 1 spell: Magic Dart
   221 | D:1      | Reached skill level 1 in Conjurations
   330 | D:1      | Gained mutation: You have a pair of small antennae on your head. [demonic ancestry]
   330 | D:1      | Reached XP level 2. HP: 21/21 MP: 5/5
  1077 | D:2      | Found a blossoming altar of Fedhas.
  1209 | D:2      | Found a glowing golden altar of the Shining One.
  1524 | D:2      | Gained mutation: You have a pair of antennae on your head. [demonic ancestry]
  1524 | D:2      | Reached XP level 3. HP: 26/26 MP: 7/7
  1558 | D:2      | Noticed Jessica
  1587 | D:2      | Killed Jessica
  1587 | D:2      | Reached skill level 3 in Spellcasting
  1668 | D:2      | Noticed a centaur
  1681 | D:2      | Killed a centaur
  1681 | D:2      | Gained mutation: You are partially covered in molten scales (AC +1). [demonic ancestry]
  1681 | D:2      | Reached XP level 4. HP: 20/32 MP: 7/9
  2106 | D:3      | Reached XP level 5. HP: 37/37 MP: 10/10
  2128 | D:3      | Learned a level 2 spell: Call Imp
  2131 | D:3      | Learned a level 2 spell: Repel Missiles
  2134 | D:3      | Learned a level 2 spell: Blink
  2138 | D:3      | Learned a level 3 spell: Conjure Flame
  2229 | D:3      | Found a glowing drain.
  2240 | Sewer    | Entered a sewer
  2244 | Sewer    | Reached skill level 4 in Spellcasting
  2257 | Sewer    | Slain by a river rat

Vault maps used:
D:1:      dpeg_arrival_simpleton_b, kennysheep_doodads
D:2:      lemuel_doored_altar, tso_oasis_becter, uniq_jessica
D:3:      nicolae_overflow_hidden_temple, portal_sewer_entry_a, uniq_iyjb
Sewer:    sewer_kobolds

Action                   |  1- 3 |  4- 6 || total
-------------------------+-------+-------++-------
Melee: Mace              |    48 |    17 ||    65
       Spear             |     1 |       ||     1
 Cast: Magic Dart        |    35 |    10 ||    45
       Call Imp          |       |     2 ||     2
       Repel Missiles    |       |     1 ||     1
  Use: Scroll            |     7 |       ||     7
 Stab: Sleeping          |     1 |     1 ||     2
  Eat: Chunk             |     3 |     2 ||     5
